 Dungeon Crawl Stone Soup version 0.29.1-2-gbd0b4ee654 (webtiles) character file.

Game seed: 9553394566064999246

4464 Sabo the Cleaver (level 10, -1/117 HPs)
             Began as a Demonspawn Gladiator on Nov 18, 2022.
             Was a Priest of Trog.
             Slain by an efreet
             ... wielding a +2 scimitar of flaming
              (4 damage)
             ... on level 8 of the Dungeon.
             The game lasted 00:42:01 (12246 turns).

Sabo the Cleaver (Demonspawn Gladiator)            Turns: 12246, Time: 00:42:02

Health: -1/117     AC: 14    Str: 18    XL:     10   Next: 15%
Magic:  3/3        EV:  9    Int: 11    God:    Trog [***...]
Gold:   431        SH:  0    Dex: 16    Spells: 9/9 levels left

rFire   . . .      SeeInvis .   k - +6 scimitar of the Mouth {antimagic, Int+2}
rCold   . . .      Faith    .   (no shield)
rNeg    . . .      Spirit   .   j - +0 chain mail
rPois   +          Reflect  .   (helmet restricted)
rElec   .          Harm     .   (no cloak)
rCorr   .          Rampage  .   q - +2 pair of gloves
Will    .....                   (no boots)
Stlth   ..........              (no amulet)
HPRegen 0.29/turn               D - ring of flight
MPRegen 0.16/turn               v - ring of poison resistance

@: berserking (expiring), flying, very quick
A: antennae 1, rugged brown scales 1, demonic guardian 2, magic regeneration
a: Renounce Religion, Berserk, Trog's Hand


You were on level 8 of the Dungeon.
You worshipped Trog.
Trog was most pleased with you.
You visited 1 branch of the dungeon, and saw 8 of its levels.

You collected 495 gold pieces.
You spent 64 gold pieces at shops.

Inventory:

Hand Weapons
 a - a +2 war axe
 i - a +0 arbalest
 k - the +6 scimitar of the Mouth (weapon) {antimagic, Int+2}
   (You took it off a centaur on level 8 of the Dungeon)

   It reduces the magical energy of the wielder, and disrupts the spells and
   magical abilities of those it strikes.
   Natural abilities and divine invocations are not affected.
   Int:       It affects your intelligence (+2).
Missiles
 d - 4 throwing nets
 e - 6 javelins (quivered)
 h - 10 boomerangs
 t - 6 atropa-tipped darts
Armour
 j - a +0 chain mail (worn)
 q - a +2 pair of gloves (worn)
Jewellery
 v - a ring of poison resistance (right hand)
 w - a ring of fire
 D - a ring of flight (left hand)
Wands
 l - a wand of polymorph (8)
 r - a wand of flame (17)
 y - a wand of quicksilver (4)
 C - a wand of paralysis (6)
Scrolls
 b - 2 scrolls of poison
 c - 2 scrolls of silence
 f - a scroll of fog
 g - a scroll of teleportation
Potions
 m - 2 potions of degeneration {unknown}
 n - 4 potions of curing {unknown}
 o - 3 potions of resistance {unknown}
 s - a potion of lignification {unknown}
 u - a potion of might {unknown}
 x - a potion of ambrosia {unknown}
 z - 2 potions of flight {unknown}
 A - a potion of cancellation {unknown}
 E - a potion of magic {unknown}


   Skills:
 + Level 5.9 Fighting
 + Level 1.1 Long Blades
 + Level 10.0 Axes
 + Level 1.8 Throwing
 + Level 7.2 Armour
 + Level 3.8 Dodging
 + Level 1.4 Stealth
 + Level 0.2 Evocations


You had 9 spell levels left.
You didn't know any spells.
Your spell library was empty.

Dungeon Overview and Level Annotations

Branches:
Dungeon (8/15)             Temple (0/1) D:7
   Lair: D:8-11

Altars:
Ashenzari
Gozag
Trog

Shops:
D:2 ?   D:6 (***


Innate Abilities, Weirdness & Mutations

You have a pair of small antennae on your head.
You are partially covered in rugged brown scales. (AC +1, +3% HP)
A demonic guardian rushes to your aid.
You regenerate magic rapidly.


Message History

* * * LOW HITPOINT WARNING * * *
A demonic guardian appears!
* * * LOW HITPOINT WARNING * * *
A sky beast appears from thin air!
Reactivating autopickup.
You hit kyanize's ghost.
Kyanize's ghost is moderately damaged.
Kyanize's ghost barely misses you.
You slice kyanize's ghost!!
Kyanize's ghost is heavily damaged.
Kyanize's ghost hits you.
* * * LOW HITPOINT WARNING * * *
x2 You barely miss kyanize's ghost.
Kyanize's ghost is heavily damaged.
Kyanize's ghost hits you!
* * * LOW HITPOINT WARNING * * *
x2 You slice kyanize's ghost!!
Kyanize's ghost is almost destroyed.
Kyanize's ghost hits you but does no damage.
The sky beast flickers out of sight!
Deactivating autopickup; reactivate with Ctrl-A.
You hit kyanize's ghost.
Kyanize's ghost is almost destroyed.
Kyanize's ghost hits you but does no damage.
You slash kyanize's ghost! You punch kyanize's ghost.
You feel the power of Trog in you as your rage grows.
You destroy kyanize's ghost!
Trog accepts your kill.
Your Long Blades skill increases to level 1!
Your Axes skill increases to level 10!
You swap places.
Your hellwing hits the orc!
The orc dies!
Trog accepts your kill.
You are too berserk!
You swap places.
You feel a strong urge to attack something.
You slash the efreet!
The efreet's magic leaks into the air.
The efreet is heavily wounded.
The efreet hits you with a +2 scimitar of flaming.
You die...

#.......# ##
...)...#########################.
####.#...........................
..##.##.......#########..........
#.##.########..... ...........###
#....########..### ####......#...
##.............)# ####.......#...
.......########.###°.............
...###.........4@R☼{...(...#.....
##.# ###........#####'''##...#...
##.# #........# ##$...$#####...
.#.#####........#.#..$_$$.# #...
..................#8..8..8# #...
##.#####......).###...$.$∩# ###..
#..###.........# ##∩8∩8.####....
#....#.........# #######.......
#.##)#.........# #.# ###.....


You could see an efreet (ally target, magic disrupted) and a friendly hellwing
(summoned).

Vanquished Creatures
  The ghost of kyanize the Cruncher, a novice MiFi of Dithmenos (D:8)
  A hornet (D:8)
  3 wyverns
  2 water moccasins (D:6)
  A sky beast (D:7)
  2 ice beasts
  An orc warrior (D:8)
  A black bear (D:7)
  2 ogres
  3 centaurs
  A phantom (D:4)
  4 necrophages
  2 scorpions
  A howler monkey (D:6)
  A jelly (D:6)
  4 hounds
  5 orc priests
  2 gnoll boudas
  3 iguanas (D:4)
  Ijyb (D:4)
  3 orc wizards
  Natasha (D:3)
  8 gnolls
  5 adders
  4 shadow imps
  2 white imps (D:5)
  An ufetubus (D:5)
  2 worms (D:4)
  3 dart slugs
  15 orcs
  9 endoplasms
  4 giant cockroaches
  6 goblins
  8 hobgoblins
  7 jackals
  3 quokkas
  5 ball pythons
  5 bats
  2 frilled lizards
  7 kobolds
  3 rats
144 creatures vanquished.

Vanquished Creatures (collateral kills)
  A two-headed ogre (D:8)
  2 ogres
  A necrophage (D:6)
  An iguana (D:4)
  3 orcs
  2 goblins (D:4)
10 creatures vanquished.

Vanquished Creatures (others)
  A bullfrog (D:8)
1 creature vanquished.

Grand Total: 155 creatures vanquished

Notes
Turn   | Place    | Note
-------+----------+-------------------------------------------
     0 | D:1      | Sabo the Demonspawn Gladiator began the quest for the Orb.
     0 | D:1      | Reached XP level 1. HP: 16/16 MP: 1/1
    67 | D:1      | Found a faded altar of an unknown god.
   251 | D:1      | Prayed at the altar of an unknown god.
   251 | D:1      | Became a worshipper of Trog the Wrathful
   251 | D:1      | Reached * piety under Trog
   431 | D:1      | Gained mutation: You are partially covered in rugged brown
                  | scales. (AC +1, +3% HP) [demonic ancestry]
   431 | D:1      | Reached XP level 2. HP: 16/22 MP: 2/2
   658 | D:1      | Reached skill level 3 in Axes
  1472 | D:2      | Found Majullei's Magic Scroll Shop.
  1552 | D:2      | Gained mutation: A weak demonic guardian rushes to your
                  | aid. [demonic ancestry]
  1552 | D:2      | Reached XP level 3. HP: 25/27 MP: 3/3
  1634 | D:2      | Bought a scroll of identify for 22 gold pieces
  1634 | D:2      | Bought a scroll of identify for 22 gold pieces
  2320 | D:2      | Reached ** piety under Trog
  2564 | D:3      | Reached skill level 1 in Armour
  2564 | D:3      | Gained mutation: You have a pair of small antennae on your
                  | head. [demonic ancestry]
  2564 | D:3      | Reached XP level 4. HP: 7/35 MP: 4/4
  2972 | D:3      | Noticed Natasha
  2981 | D:3      | Killed Natasha
  3963 | D:4      | Reached skill level 4 in Axes
  3990 | D:4      | Reached XP level 5. HP: 40/40 MP: 5/5
  4128 | D:4      | Noticed Ijyb
  4140 | D:4      | Killed Ijyb
  4833 | D:4      | Reached XP level 6. HP: 44/48 MP: 6/6
  4999 | D:4      | Reached skill level 5 in Axes
  5375 | D:4      | Reached *** piety under Trog
  5632 | D:4      | Gained mutation: You regenerate magic rapidly. [demonic
                  | ancestry]
  5632 | D:4      | Reached XP level 7. HP: 29/53 MP: 7/7
  5989 | D:5      | Entered Level 5 of the Dungeon
  6571 | D:5      | Reached skill level 6 in Axes
  7094 | D:6      | Found Roast's General Store.
  7099 | D:6      | Bought a scroll of identify for 20 gold pieces
  7153 | D:6      | Reached XP level 8. HP: 52/61 MP: 8/8
  7156 | D:6      | Reached skill level 7 in Axes
  7192 | D:6      | HP: 3/61 [orc wizard/puff of flame (8)]
  7199 | D:6      | Found Fufoisu's Weapon Boutique.
  7844 | D:6      | Found Seoh's General Store.
  8208 | D:6      | Found Ymuir's General Store.
  8772 | D:7      | Found a staircase to the Ecumenical Temple.
  8882 | D:7      | Reached skill level 8 in Axes
  8882 | D:7      | Reached skill level 5 in Armour
  9080 | D:7      | Reached skill level 1 in Stealth
  9290 | D:7      | Reached skill level 5 in Fighting
  9290 | D:7      | Reached XP level 9. HP: 27/70 MP: 9/9
 10742 | D:8      | Reached skill level 9 in Axes
 11267 | D:8      | Found a broken altar of Ashenzari.
 11850 | D:8      | Noticed a two-headed ogre
 11860 | D:8      | Identified the +6 scimitar of the Mouth {antimagic, Int+2}
 11861 | D:8      | Killed a two-headed ogre
 11868 | D:8      | Gained mutation: A demonic guardian rushes to your aid.
                  | [demonic ancestry]
 11868 | D:8      | Reached XP level 10. HP: 54/78 MP: 10/10
 12063 | D:8      | Found a runed translucent gate.
 12064 | D:8      | Found a runed translucent gate.
 12064 | D:8      | Found a runed translucent gate.
 12083 | D:8      | Found an opulent altar of Gozag.
 12084 | D:8      | Noticed kyanize's ghost (novice MiFi)
 12240 | D:8      | HP: 4/117 [kyanize's ghost (9)]
 12240 | D:8      | HP: 1/117 [kyanize's ghost (3)]
 12243 | D:8      | Killed kyanize's ghost
 12244 | D:8      | Reached skill level 1 in Long Blades
 12244 | D:8      | Reached skill level 10 in Axes
 12246 | D:8      | Slain by an efreet

Illustrated notes

Levels and vault maps discovered:
D:1:      beargit_arrival_greenhouse, layout_basic,
          shapermc_ecumenical_altar_pompeii
D:2:      layout_basic, serial_shops, nicolae_shop_hallway_stairs
D:3:      layout_loops_corners, hangedman_decor_peaks_small, uniq_natasha
D:4:      layout_basic, minmay_goblin_kobold_house, uniq_ijyb
D:5:      layout_loops_cross
D:6:      layout_basic, serial_shops, nicolae_shop_stone, nicolae_shop_stone,
          nicolae_shop_hallway_plus, shop
D:7:      layout_cave_pods, temple_doors_e, serial_shops, shop, moated_statue,
          item_on_display_a
D:8:      layout_rooms, lemuel_coloured_pillars_altar, ebering_ghost_gozag

Skill      XL: |  1  2  3  4  5  6  7  8  9 10 |
---------------+-------------------------------+-----
Axes           | 3 4 5 6 8 9 10 | 10.0
Dodging        | 3 |  3.8
Armour         | 1 2 3 4 5 7 |  7.2
Fighting       | 3 4 5 |  5.9
Stealth        | 1 |  1.4
Long Blades    | 1 |  1.1
Throwing       | |  1.8
Evocations     | |  0.2

Action                   |  1- 3 |  4- 6 |  7- 9 | 10-12 || total
-------------------------+-------+-------+-------+-------++-------
Melee: War axe           |    95 |   172 |   310 |       ||   577
       Punch             |       |     2 |     7 |     1 ||    10
       Scimitar          |       |       |       |    16 ||    16
Throw: Javelin           |       |       |       |     1 ||     1
Invok: Berserk           |     1 |     4 |     5 |     1 ||    11
       Trog's Hand       |       |       |     1 |       ||     1
Evoke: Wand              |       |     2 |       |       ||     2
  Use: Scroll            |     3 |     2 |    11 |       ||    16
Armor: Chain mail        |    70 |   112 |   202 |     7 ||   391
       Leather armour    |     2 |       |       |       ||     2
Dodge: Dodged            |    50 |    57 |   158 |     3 ||   268
